| TOP OF THE 1ST |
|
Denver Bears batting - Pitching for Oklahoma City 89ers : LHP Val Jauregui
|
|
Pitching: LHP Val Jauregui
|
|
|
Batting: RHB Victor Woods
|
0-0: Ball 1-0: Ball 2-0: Called Strike 2-1: Hit by Pitch
|
|
Batting: RHB George A Bell
|
0-0: Ball 1-0: Ball 2-0: Ball 3-0: Called Strike 3-1: Base on Balls Victor Woods to second
|
|
Batting: RHB Joe Charboneau
|
0-0: Called Strike 0-1: Ball 1-1: Grounds into double play, 4-6-3 (Groundball, 4, EV 98.8 MPH) Victor Woods to third
|
|
Batting: SHB Julio Cruz
|
0-0: Called Strike 0-1: Swinging Strike 0-2: Ball 1-2: Ball 2-2: Foul Ball, location: 2F 2-2: Foul Ball, location: 2F 2-2: Ball 3-2: Base on Balls
|
|
Batting: RHB Michael Fink
|
0-0: Ball 1-0: Called Strike Julio Cruz steals 2nd base 1-1: Swinging Strike 1-2: Foul Ball, location: 2F 1-2: SINGLE (Groundball, 6MD, EV 104.4 MPH) Victor Woods scores Julio Cruz to third Runner from 3rd tries for Home, SAFE, throw by CF to home
|
|
Batting: RHB Eugene Pallavicini
|
0-0: Foul Ball, location: 2F 0-1: Swinging Strike 0-2: Strikes out looking
|
| Top of the 1st over - 2 runs, 1 hit, 0 errors, 1 left on base; Denver 2 - Oklahoma City 0 |
| BOTTOM OF THE 1ST |
|
Oklahoma City 89ers batting - Pitching for Denver Bears : RHP Jeff Russell
|
|
Pitching: RHP Jeff Russell
|
|
|
Batting: RHB Barry Bonnell
|
0-0: Ball 1-0: Ball 2-0: Fly out, F8 (Flyball, 8LXD, EV 89.4 MPH)
|
|
Batting: RHB Ryan Ricard
|
0-0: Ball 1-0: Ball 2-0: Swinging Strike 2-1: Fly out, F8 (Flyball, 8LD, EV 107.5 MPH)
|
|
Batting: LHB Joe Ward
|
0-0: Fly out, F4 (Popup, 4, EV 75.0 MPH)
|
| Bottom of the 1st over - 0 runs, 0 hits, 0 errors, 0 left on base; Denver 2 - Oklahoma City 0 |
| TOP OF THE 2ND |
|
Denver Bears batting - Pitching for Oklahoma City 89ers : LHP Val Jauregui
|
|
Batting: SHB Mark Gilbert
|
0-0: Ball 1-0: Ball 2-0: Ball 3-0: Base on Balls
|
|
Batting: RHB Frank Lucy
|
0-0: Ball 1-0: Swinging Strike 1-1: Foul Ball, location: 2F 1-2: Strikes out swinging
|
|
Batting: RHB Gomez Barahona
|
0-0: Called Strike 0-1: Ball 1-1: Foul Ball, location: 2F 1-2: Ball 2-2: Ball 3-2: Foul Ball, location: 2F 3-2: Strikes out looking
|
|
Batting: RHB Victor Woods
|
0-0: Called Strike 0-1: Ball 1-1: Ball Mark Gilbert steals 2nd base 2-1: Swinging Strike 2-2: Ground out 5-3 (Groundball, 56S, EV 71.3 MPH)
|
| Top of the 2nd over - 0 runs, 0 hits, 0 errors, 1 left on base; Denver 2 - Oklahoma City 0 |
| BOTTOM OF THE 2ND |
|
Oklahoma City 89ers batting - Pitching for Denver Bears : RHP Jeff Russell
|
|
Batting: LHB John Harris
|
0-0: Called Strike 0-1: Ball 1-1: Foul Ball, location: 7LSF, Error on foul ball, E7 1-2: Fly out, F7 (Flyball, 78D, EV 91.9 MPH)
|
|
Batting: RHB Dave Valle
|
0-0: Ball 1-0: Foul Ball, location: 2F 1-1: Swinging Strike 1-2: SINGLE (Flyball, 5D, EV 81.9 MPH)
|
|
Batting: LHB Tom O'Malley
|
0-0: Reached on error, E4 (Groundball, 4, EV 98.1 MPH) Dave Valle to second
|
|
Batting: RHB Nick Esasky
|
0-0: Ball Tom O'Malley is caught stealing 2nd base 2-4 Dave Valle steals 3rd base 1-0: Ball 2-0: Ball 3-0: Base on Balls
|
|
Batting: RHB Ron Tingley
|
0-0: Ball 1-0: Foul Ball, location: 2F 1-1: Foul Ball, location: 2F 1-2: Foul Ball, location: 2F 1-2: Ball 2-2: Foul Ball, location: 2F 2-2: Ball 3-2: Base on Balls Nick Esasky to second
|
|
Batting: RHB Danny Jasso
|
0-0: Foul Ball, location: 2F 0-1: Called Strike 0-2: Strikes out swinging
|
| Bottom of the 2nd over - 0 runs, 1 hit, 2 errors, 3 left on base; Denver 2 - Oklahoma City 0 |
| TOP OF THE 3RD |
|
Denver Bears batting - Pitching for Oklahoma City 89ers : LHP Val Jauregui
|
|
Batting: RHB George A Bell
|
0-0: Ball 1-0: Ground out 1-3 (Groundball, P, EV 82.5 MPH)
|
|
Batting: RHB Joe Charboneau
|
0-0: Swinging Strike 0-1: Foul Ball, location: 2F 0-2: Ball 1-2: Foul Ball, location: 2F 1-2: Fly out, F9 (Flyball, 9S, EV 93.8 MPH)
|
|
Batting: SHB Julio Cruz
|
0-0: Ball 1-0: Called Strike 1-1: Swinging Strike 1-2: Ground out 6-3 (Groundball, 4MS, EV 85.6 MPH)
|
| Top of the 3rd over - 0 runs, 0 hits, 0 errors, 0 left on base; Denver 2 - Oklahoma City 0 |
| BOTTOM OF THE 3RD |
|
Oklahoma City 89ers batting - Pitching for Denver Bears : RHP Jeff Russell
|
|
Batting: RHB Barry Bonnell
|
0-0: Ball 1-0: Fly out, F7 (Line Drive, 7, EV 106.9 MPH)
|
|
Batting: RHB Ryan Ricard
|
0-0: Ball 1-0: Fly out, F9 (Flyball, 9LM, EV 90.6 MPH)
|
|
Batting: LHB Joe Ward
|
0-0: Called Strike 0-1: Ball 1-1: Ball 2-1: Called Strike 2-2: Strikes out swinging
|
| Bottom of the 3rd over - 0 runs, 0 hits, 0 errors, 0 left on base; Denver 2 - Oklahoma City 0 |
| TOP OF THE 4TH |
|
Denver Bears batting - Pitching for Oklahoma City 89ers : LHP Val Jauregui
|
|
Batting: RHB Michael Fink
|
0-0: Ball 1-0: Foul Ball, location: 2F 1-1: Foul Ball, location: 2F 1-2: Ground out 6-3 (Groundball, 6, EV 88.8 MPH)
|
|
Batting: RHB Eugene Pallavicini
|
0-0: Ball 1-0: Called Strike 1-1: Ball 2-1: Fly out, F9 (Flyball, 89D, EV 81.9 MPH)
|
|
Batting: SHB Mark Gilbert
|
0-0: Ball 1-0: Ball 2-0: Called Strike 2-1: Foul Ball, location: 2F 2-2: Foul Ball, location: 2F 2-2: SINGLE (Groundball, 6MD, EV 98.1 MPH)
|
|
Batting: RHB Frank Lucy
|
0-0: Called Strike Mark Gilbert steals 2nd, throwing error, E2 Mark Gilbert to third 0-1: Swinging Strike 0-2: Strikes out swinging
|
| Top of the 4th over - 0 runs, 1 hit, 1 error, 1 left on base; Denver 2 - Oklahoma City 0 |
| BOTTOM OF THE 4TH |
|
Oklahoma City 89ers batting - Pitching for Denver Bears : RHP Jeff Russell
|
|
Batting: LHB John Harris
|
0-0: Foul Ball, location: 2F 0-1: Fly out, F7 (Flyball, 7, EV 90.6 MPH)
|
|
Batting: RHB Dave Valle
|
0-0: Ball 1-0: Ball 2-0: Foul Ball, location: 2F 2-1: Swinging Strike 2-2: Ground out 4-3 (Groundball, 34, EV 101.3 MPH)
|
|
Batting: LHB Tom O'Malley
|
0-0: Ball 1-0: Ball 2-0: Ball 3-0: Called Strike 3-1: Base on Balls
|
|
Batting: RHB Nick Esasky
|
0-0: Ball 1-0: Fly out, F9 (Flyball, 9S, EV 83.8 MPH)
|
| Bottom of the 4th over - 0 runs, 0 hits, 0 errors, 1 left on base; Denver 2 - Oklahoma City 0 |
| TOP OF THE 5TH |
|
Denver Bears batting - Pitching for Oklahoma City 89ers : LHP Val Jauregui
|
|
Batting: RHB Gomez Barahona
|
0-0: Ball 1-0: SINGLE (Line Drive, 5, EV 76.9 MPH) (infield hit)
|
|
Batting: RHB Victor Woods
|
0-0: Ball 1-0: Called Strike 1-1: Ball 2-1: Ball 3-1: Called Strike 3-2: Foul Ball, location: 2F 3-2: Base on Balls Gomez Barahona to second
|
|
Batting: RHB George A Bell
|
0-0: Ball 1-0: Ball 2-0: Called Strike 2-1: SINGLE (Flyball, 4D, EV 87.5 MPH) Gomez Barahona to third Victor Woods to second
|
|
Batting: RHB Joe Charboneau
|
0-0: Called Strike 0-1: Ball 1-1: Ball 2-1: Called Strike 2-2: Ball 3-2: Base on Balls Gomez Barahona scores Victor Woods to third George A Bell to second
|
|
Batting: SHB Julio Cruz
|
0-0: Called Strike 0-1: Foul Ball, location: 2F 0-2: SINGLE (Groundball, 56, EV 100.0 MPH) Victor Woods scores George A Bell to third Joe Charboneau to second
|
|
Batting: RHB Michael Fink
|
0-0: Ball 1-0: Ball 2-0: Called Strike 2-1: Ball 3-1: Base on Balls George A Bell scores Joe Charboneau to third Julio Cruz to second
|
|
Pitching: LHP Keith Comstock
|
|
|
Batting: RHB Eugene Pallavicini
|
0-0: Called Strike 0-1: Ball 1-1: Fielders Choice at 3rd, U5 (Groundball, 5L, EV 91.9 MPH) Joe Charboneau scores Michael Fink to second
|
|
Batting: SHB Mark Gilbert
|
0-0: Ball 1-0: Fly out, F9 (Flyball, 89M, EV 96.3 MPH)
|
|
Batting: RHB Frank Lucy
|
0-0: Called Strike 0-1: Ball 1-1: Ball 2-1: Ball 3-1: Foul Ball, location: 2F 3-2: Strikes out swinging
|
| Top of the 5th over - 4 runs, 3 hits, 0 errors, 2 left on base; Denver 6 - Oklahoma City 0 |
| BOTTOM OF THE 5TH |
|
Oklahoma City 89ers batting - Pitching for Denver Bears : RHP Jeff Russell
|
|
Batting: RHB Ron Tingley
|
0-0: Ball 1-0: Ball 2-0: Ball 3-0: Called Strike 3-1: Base on Balls
|
|
Batting: RHB Danny Jasso
|
0-0: Foul Ball, location: 2F 0-1: Foul Ball, location: 2F 0-2: Strikes out swinging
|
|
Batting: RHB Barry Bonnell
|
0-0: SINGLE (Line Drive, 8LS, EV 107.5 MPH) Ron Tingley to second
|
|
Batting: RHB Ryan Ricard
|
0-0: Ball 1-0: Reached on error, E5 (Groundball, 56, EV 102.5 MPH) Ron Tingley to third Barry Bonnell to second
|
|
Batting: LHB Joe Ward
|
0-0: Swinging Strike 0-1: Ball 1-1: Fly out, F8 (Flyball, 89M, EV 95.0 MPH) Runner from 3rd tags up, SCORES, no throw by CF
|
|
Batting: LHB John Harris
|
0-0: SINGLE (Groundball, 56D, EV 100.6 MPH) Barry Bonnell to third Ryan Ricard to second Runner from 3rd tries for Home, SAFE, no throw by LF
|
|
Batting: RHB Dave Valle
|
0-0: Called Strike 0-1: Ball 1-1: Ball 2-1: Ball 3-1: 3-RUN HOME RUN (Flyball, 7D, EV 98.8 MPH), Distance : 360 ft
|
|
Pitching: RHP Rich Yett
|
|
|
Batting: LHB Tom O'Malley
|
0-0: Called Strike 0-1: Ground out U3 (Groundball, 3L, EV 83.8 MPH)
|
| Bottom of the 5th over - 5 runs, 3 hits, 1 error, 0 left on base; Denver 6 - Oklahoma City 5 |
| TOP OF THE 6TH |
|
Denver Bears batting - Pitching for Oklahoma City 89ers : LHP Keith Comstock
|
|
Batting: RHB Gomez Barahona
|
0-0: Called Strike 0-1: Ball 1-1: Ball 2-1: Ball 3-1: Ground out 6-3 (Groundball, 6, EV 106.9 MPH)
|
|
Batting: RHB Victor Woods
|
0-0: Ball 1-0: Fly out, F8 (Flyball, 89S, EV 78.8 MPH)
|
|
Batting: RHB George A Bell
|
0-0: Called Strike 0-1: Called Strike 0-2: Foul Ball, location: 2F 0-2: Ball 1-2: Strikes out swinging
|
| Top of the 6th over - 0 runs, 0 hits, 0 errors, 0 left on base; Denver 6 - Oklahoma City 5 |
| BOTTOM OF THE 6TH |
|
Oklahoma City 89ers batting - Pitching for Denver Bears : RHP Rich Yett
|
|
Batting: RHB Nick Esasky
|
0-0: Ball 1-0: Ground out 1-3 (Groundball, 25, EV 65.6 MPH)
|
|
Batting: RHB Ron Tingley
|
0-0: Called Strike 0-1: Foul Ball, location: 2F 0-2: Strikes out swinging
|
|
Batting: RHB Danny Jasso
|
0-0: Fly out, F8 (Flyball, 78S, EV 97.5 MPH)
|
| Bottom of the 6th over - 0 runs, 0 hits, 0 errors, 0 left on base; Denver 6 - Oklahoma City 5 |
| TOP OF THE 7TH |
|
Denver Bears batting - Pitching for Oklahoma City 89ers : LHP Keith Comstock
|
|
Batting: RHB Joe Charboneau
|
0-0: Called Strike 0-1: Swinging Strike 0-2: Ball 1-2: Strikes out swinging
|
|
Batting: SHB Julio Cruz
|
0-0: Called Strike 0-1: Ball 1-1: Swinging Strike 1-2: Foul Ball, location: 2F 1-2: Foul Ball, location: 2F 1-2: Ball 2-2: Fly out, F8 (Line Drive, 8RM, EV 99.4 MPH)
|
|
Batting: RHB Michael Fink
|
0-0: Called Strike 0-1: Called Strike 0-2: Ball 1-2: Strikes out swinging
|
| Top of the 7th over - 0 runs, 0 hits, 0 errors, 0 left on base; Denver 6 - Oklahoma City 5 |
| BOTTOM OF THE 7TH |
|
Oklahoma City 89ers batting - Pitching for Denver Bears : RHP Rich Yett
|
|
Batting: RHB Barry Bonnell
|
0-0: Called Strike 0-1: Ball 1-1: Called Strike 1-2: Fly out, F7 (Line Drive, 7, EV 100.6 MPH)
|
|
Batting: RHB Ryan Ricard
|
0-0: Ball 1-0: Ball 2-0: Called Strike 2-1: Ball 3-1: Swinging Strike 3-2: Foul Ball, location: 2F 3-2: Fly out, F7 (Flyball, 7LM, EV 106.3 MPH)
|
|
Batting: LHB Joe Ward
|
0-0: Ball 1-0: Ball 2-0: Foul Ball, location: 2F 2-1: Called Strike 2-2: Ball 3-2: Ground out 4-3 (Groundball, 4, EV 91.3 MPH)
|
| Bottom of the 7th over - 0 runs, 0 hits, 0 errors, 0 left on base; Denver 6 - Oklahoma City 5 |
| TOP OF THE 8TH |
|
Denver Bears batting - Pitching for Oklahoma City 89ers : LHP Keith Comstock
|
|
Batting: RHB Eugene Pallavicini
|
0-0: Ball 1-0: Fly out, F9 (Flyball, 9D, EV 103.8 MPH)
|
|
Pitching: LHP Glen Tackitt
|
|
|
Batting: SHB Mark Gilbert
|
0-0: Fly out, F8 (Flyball, 8RS, EV 86.3 MPH)
|
|
Batting: RHB Frank Lucy
|
0-0: Foul Ball, location: 2F 0-1: Ball 1-1: Ball 2-1: Foul Ball, location: 2F 2-2: Ball 3-2: Ground out 2-3 (Groundball, 13S, EV 61.3 MPH)
|
| Top of the 8th over - 0 runs, 0 hits, 0 errors, 0 left on base; Denver 6 - Oklahoma City 5 |
| BOTTOM OF THE 8TH |
|
Oklahoma City 89ers batting - Pitching for Denver Bears : RHP Rich Yett
|
|
Batting: LHB John Harris
|
0-0: Ball 1-0: Ball 2-0: SINGLE (Line Drive, 34D, EV 101.3 MPH)
|
|
Pitching: RHP Michael Heaton
|
|
|
Batting: RHB Dave Valle
|
0-0: Called Strike 0-1: Called Strike 0-2: Grounds into double play, 6-4-3 (Groundball, 6, EV 83.8 MPH)
|
|
Batting: LHB Tom O'Malley
|
0-0: Foul Ball, location: 2F 0-1: Ball 1-1: Swinging Strike 1-2: SINGLE (Line Drive, 6D, EV 98.8 MPH)
|
|
Batting: RHB Nick Esasky
|
0-0: Foul Ball, location: 2F 0-1: Fly out, F4 (Popup, 4MD, EV 46.3 MPH)
|
| Bottom of the 8th over - 0 runs, 2 hits, 0 errors, 1 left on base; Denver 6 - Oklahoma City 5 |
| TOP OF THE 9TH |
|
Denver Bears batting - Pitching for Oklahoma City 89ers : LHP Glen Tackitt
|
|
Batting: RHB Gomez Barahona
|
0-0: Ball 1-0: Swinging Strike 1-1: Foul Ball, location: 2F 1-2: SINGLE (Line Drive, 7S, EV 90.0 MPH)
|
|
Batting: RHB Victor Woods
|
0-0: Ball 1-0: Called Strike 1-1: Ball 2-1: Ground out 6-3 (Groundball, 6MS, EV 68.1 MPH) Gomez Barahona to second
|
|
Batting: RHB George A Bell
|
0-0: Ball 1-0: Fly out, F6 (Flyball, 5D, EV 92.5 MPH)
|
|
Batting: RHB Joe Charboneau
|
0-0: Intentional Walk
|
|
Batting: SHB Julio Cruz
|
0-0: Ball 1-0: Called Strike 1-1: Swinging Strike 1-2: Foul Ball, location: 2F 1-2: Foul Ball, location: 2F 1-2: Strikes out looking
|
| Top of the 9th over - 0 runs, 1 hit, 0 errors, 2 left on base; Denver 6 - Oklahoma City 5 |
| BOTTOM OF THE 9TH |
|
Oklahoma City 89ers batting - Pitching for Denver Bears : RHP Michael Heaton
|
|
Pitching: RHP Alberto Zamora
|
|
|
Now at 1B: David Enos
|
|
|
Batting: RHB Ron Tingley
|
0-0: Ball 1-0: Ball 2-0: Called Strike 2-1: SINGLE (Groundball, 6MD, EV 96.3 MPH)
|
|
Batting: RHB Danny Jasso
|
0-0: Ball 1-0: Sac Bunt to 2L - play at first, batter OUT! 2-4 Ron Tingley to second
|
|
Batting: RHB Barry Bonnell
|
0-0: Fly out, F6 (Flyball, 56D, EV 85.0 MPH)
|
|
Batting: RHB Ryan Ricard
|
0-0: Ball 1-0: Ball Wild Pitch! Ron Tingley to third 2-0: Fly out, F5 (Popup, 5S, EV 70.0 MPH)
|
| Bottom of the 9th over - 0 runs, 1 hit, 0 errors, 1 left on base; Denver 6 - Oklahoma City 5 |
|